[Event "*** SCC Grand Prix: Titled Tuesday Blitz"]
[Site "Chess.com"]
[Date "2020.08.25"]
[Round "4"]
[White "KarpovVadim"]
[Black "felipelobo"]
[Result "1-0"]
[WhiteElo "2314"]
[BlackElo "2126"]
[TimeControl "180+1"]
[EndTime "10:41:11 PDT"]
[Termination "KarpovVadim won by resignation"]

1. d4 Nf6 2. c4 c5 3. d5 b5 4. cxb5 a6 5. bxa6 d6 6. Nc3 Bxa6 7. Nf3 g6 8. e4 Bxf1 9. Kxf1 Bg7 10. g3 O-O 11.
Kg2 Ng4 12. Re1 Nd7 13. a4 Ra5 14. Nb5 Qa8 15. Bd2 Ra6 16. Nc7 Qb7 17. Nxa6 Qxa6 18. Bc3 Nge5 19. Nxe5 Nxe5 20. Qe2 c4 21. Bxe5 Bxe5 22.
Rec1 Rc8 23. Rc2 h5 24. a5 Rc5 25. Ra4 Rxa5 26. Rxa5 Qxa5 27. Qxc4 h4 28. gxh4 Qe1 29.
Qe2 Qb1 30. h5 Kg7 31. hxg6 fxg6 32. Rc8 Qc1 33. Qg4 Qxb2 34. Qe6 Bf6 35. Re8 Qd2 36. Rxe7+ Bxe7 37. Qxe7+ Kh6 38. Qxd6 Qg5+ 39. Qg3 Qf6 40. e5 Qa6 41. Qe3+ Kg7 42. e6 Qd6 43. Qe4 Qe7 44. d6 Qg5+ 45. Kf3 Qh5+ 46. Ke3 Qh3+ 47. Kd4 Qa3 48. Qe5+ Kh6 49. Qc5 Qb2+ 50. Kd5 Qd2+ 51. Kc6 Qf4 52. Qe3 Qxe3 53. fxe3 1-0

[Event "*** SCC Grand Prix: Titled Tuesday Blitz"]
[Site "Chess.com"]
[Date "2020.08.25"]
[Round "4"]
[White "BeanScreen"]
[Black "Dinamo3"]
[Result "1-0"]
[WhiteElo "2688"]
[BlackElo "2472"]
[TimeControl "180+1"]
[EndTime "10:41:12 PDT"]
[Termination "BeanScreen won on time"]

1. e4 c6 2. d4 d5 3. exd5 cxd5 4. Bd3 Nc6 5. c3 Qc7 6. Bg5 Nf6 7. Nd2 Bg4 8. Ngf3 e6 9. Bh4 Bd6 10. Qc2 h6 11. Bg3 Rc8 12. Bxd6 Qxd6 13. h3 Bxf3 14. Nxf3 O-O 15. O-O Nb4 16. Qd2 Nxd3 17. Qxd3 a6 18. a4 Rb8 19. a5 Rfc8 20. Ne5 Nd7 21. f4 Nxe5 22. fxe5 Qc6 23. Rf4 Rc7 24. Raf1 b5 25. axb6 Rxb6 26. Qd2 Qb5 27. Rg4 Kf8 28. Qc2 Kg8 29. Rf2 a5 30. Qd2 Kf8 31. Qf4 Qd3 32. Rg3 Qb1+ 33. Rf1 Qh7 34. Qg4 Kg8 35. Qh4 Rb8 36. Rgf3 Rf8 37. Rg3 Rb7 38. Rf2 Kh8 39.
Kh2 Kg8 40. Rf4 a4 41. Rfg4 Kh8 42. Rf4 Rxb2 43. Qe7 Rbb8 44. Rxf7 Qg8 45. Rgxg7 Rxf7 46. Rxf7 Re8 47. Qf6+ 1-0

[Event "*** SCC Grand Prix: Titled Tuesday Blitz"]
[Site "Chess.com"]
[Date "2020.08.25"]
[Round "4"]
[White "elegant285"]
[Black "Lion-Al-Messi"]
[Result "0-1"]
[WhiteElo "2369"]
[BlackElo "2575"]
[TimeControl "180+1"]
[EndTime "10:41:12 PDT"]
[Termination "Lion-Al-Messi won by checkmate"]

1. d4 d5 2. Bf4 Nf6 3. e3 c5 4. c3 Qb6 5. Qb3 c4 6. Qxb6 axb6 7. Nd2 b5 8. a3 Bf5 9. Rc1 e6 10. h3 Nc6 11. Ngf3 h6 12. g4 Bh7 13. Be2 Be7 14.
Ne5 Nxe5 15. Bxe5 Kd7 16. Bf3 Rhg8 17. Bxf6 Bxf6 18. e4 Kc6 19. Ke2 Bg5 20. Rce1 Rae8 21. Kd1 Bf4 22. Re2 Kd6 23. Rhe1 e5 24. dxe5+ Rxe5 25. exd5 Rge8 26. Ne4+ Bxe4 27. Bxe4 g6 28. h4 b6 29. Bf3 Rxe2 30. Rxe2 Rxe2 31. Kxe2 Bc1 32. Kd1 Bxb2 33. Kc2 Bxa3 34. Be4 Ke5 35. Bg2 Bc5 36. f3 Kxd5 37. f4+ Kd6 38. Kd2 b4 39. cxb4 Bxb4+ 40. Kc2 b5 41. Bb7 Kc5 42. h5 gxh5 43. gxh5 Be1 44.
f5 f6 45. Bc8 b4 46. Be6 b3+ 47. Kd1 Bg3 48. Kc1 Be5 49. Kb1 Kb4 50. Kc1 c3 51. Kb1 c2+ 52. Kc1 Bf4+ 53. Kb2 c1=Q# 0-1

[Event "*** SCC Grand Prix: Titled Tuesday Blitz"]
[Site "Chess.com"]
[Date "2020.08.25"]
[Round "4"]
[White "tvjosue"]
[Black "garicradomir"]
[Result "0-1"]
[WhiteElo "2535"]
[BlackElo "2306"]
[TimeControl "180+1"]
[EndTime "10:41:12 PDT"]
[Termination "garicradomir won by checkmate"]

1. Nf3 Nf6 2. c4 c5 3. g3 g6 4. Bg2 Bg7 5. O-O O-O 6. Nc3 Nc6 7. d3 d6 8. Qd2 a6 9. b3 Rb8 10. Bb2 b5 11. Rac1 Bd7 12. h3 e5 13. e3 Qb6 14.
Ng5 Ne7 15. f4 exf4 16. gxf4 Nf5 17. Rce1 Bc6 18. Nge4 Rbe8 19. Nxf6+ Bxf6 20. Bxc6 Qxc6 21. Nd5 Bg7 22. Bxg7 Kxg7 23. Qb2+ f6 24. Kh2 Ne7 25. e4 Nxd5 26. cxd5 Qc7 27. Rg1 Re7 28. Rg3 c4 29.
bxc4 bxc4 30. Rc1 Rb8 31. Qc3 Qb6 32. Rg2 cxd3 33. Qxd3 Qb4 34. Rc4 Qe1 35. f5 Rb1 36. fxg6 hxg6 37. a4 g5 38. Qd4 Re5 39. Qf2 Qh1+ 40.
Kg3 Rb3+ 41. Kg4 Qxh3# 0-1

[Event "*** SCC Grand Prix: Titled Tuesday Blitz"]
[Site "Chess.com"]
[Date "2020.08.25"]
[Round "4"]
[White "esrosenberg"]
[Black "Lenyas66"]
[Result "1/2-1/2"]
[WhiteElo "2187"]
[BlackElo "2460"]
[TimeControl "180+1"]
[EndTime "10:41:12 PDT"]
[Termination "Game drawn by agreement"]

1. Nf3 c5 2. c4 Nc6 3. g3 g6 4. Bg2 Bg7 5. Nc3 Nh6 6. O-O Nf5 7. e3 O-O 8. a3 e6 9. Rb1 d5 10. cxd5 exd5 11. b4 d4 12. Ne4 cxb4 13. axb4 Re8 14. Nc5 Qc7 15. Ba3 a5 16. b5 Nb4 17. Bxb4 axb4 18.
exd4 Nxd4 19. Nxd4 Qxc5 20. Nc2 Bf5 21. d3 Bc3 22.
Bxb7 Rad8 23. Bc6 Re6 24. d4 Bxd4 25. Nxd4 Rxd4 26. Qc1 Qxc1 27. Rbxc1 b3 28. b6 b2 29. b7 Rb4 30. Bb5 Rxb5 31. Rc8+ Kg7 32. b8=Q Rxb8 33. Rxb8 b1=Q 34. Rbxb1 Bxb1 35. Rxb1 h5 36. Rf1 Re2 37. Kg2 g5 38. Kf3 Rb2 39. h3 Kg6 40. Re1 f5 41. Kg2 g4 42. hxg4 hxg4 43. Kf1 Kg5 44. Re2 Rb3 45.
Kg2 Rb5 46. Re8 Rc5 47. Rg8+ Kf6 1/2-1/2

[Event "*** SCC Grand Prix: Titled Tuesday Blitz"]
[Site "Chess.com"]
[Date "2020.08.25"]
[Round "4"]
[White "korbul"]
[Black "JuliaEfremova"]
[Result "1/2-1/2"]
[WhiteElo "2536"]
[BlackElo "2326"]
[TimeControl "180+1"]
[EndTime "10:41:12 PDT"]
[Termination "Game drawn - insufficient material"]

1. e4 e6 2. d4 d5 3. Nc3 Bb4 4. exd5 exd5 5. Bd3 Nc6 6. Ne2 Nge7 7. O-O Bf5 8. Ng3 Bxd3 9. Qxd3 h5 10. Bg5 Qd7 11.
Rfe1 Bxc3 12. bxc3 O-O-O 13. a4 f6 14. Bd2 h4 15.
Nf1 Qf5 16. Ne3 Qxd3 17. cxd3 g5 18. h3 Rhe8 19. f4 Ng6 20. fxg5 fxg5 21. Ng4 Nf4 22. Bxf4 gxf4 23. Kf2 Rf8 24. Re6 Rd7 25. Rae1 Rdf7 26.
Kf3 Na5 27. Re8+ Rxe8 28. Rxe8+ Kd7 29. Rh8 Rf5 30. Ne5+ Ke6 31. Rxh4 Nb3 32. Rxf4 a5 33. Rxf5 Kxf5 34. g4+ Kg5 35. Kg3 b5 36. h4+ Kh6 37. axb5 a4 38. g5+ Kh5 39. c4 Nxd4 40. cxd5 Nxb5 41.
Nc4 a3 42. Nxa3 Nxa3 43. Kf4 Nc2 44. Kf5 Nb4 45. Ke6 Nxd3 46. Kd7 Nf4 47. Kxc7 Nxd5+ 48. Kd6 Nf4 49. g6 Nxg6 50. Ke6 Nxh4 1/2-1/2

[Event "*** SCC Grand Prix: Titled Tuesday Blitz"]
[Site "Chess.com"]
[Date "2020.08.25"]
[Round "4"]
[White "Nemsko"]
[Black "Falcon28dz"]
[Result "0-1"]
[WhiteElo "2366"]
[BlackElo "2088"]
[TimeControl "180+1"]
[EndTime "10:41:12 PDT"]
[Termination "Falcon28dz won by checkmate"]

1. e4 e6 2. d4 d5 3. Nc3 Nf6 4. e5 Nfd7 5. f4 c5 6. Nf3 Nc6 7. Be3 cxd4 8. Nxd4 Bc5 9. Qd2 O-O 10.
O-O-O Nxd4 11. Bxd4 a6 12. g4 b5 13. Rg1 b4 14.
Ne2 a5 15. Rg3 Ba6 16. Rh3 Qb6 17. Kb1 Bxe2 18. Bxe2 a4 19. Qd3 g6 20. Bxc5 Nxc5 21.
Qg3 f6 22. Qh4 Ra7 23. exf6 Ne4 24. g5 Nc3+ 25. Ka1 Nxe2 26. Re1 Nd4 27. Kb1 b3 28.
cxb3 axb3 29. a3 Nf5 30. Qg4 Rc7 31. Qf3 Nd4 32. Qd3 Qc5 33. Qc3 Qb6 34. Qd3 Rfc8 35.
Rd1 Qc5 36. Qc3 Qa7 37. Qd3 Rc4 38. Re3 Qc5 39. Ree1 Nc2 40. Rh1 Nxa3+ 41. bxa3 Qxa3 42. f7+ Kf8 43. Qd2 Rc2 44. Qxc2 bxc2# 0-1

[Event "*** SCC Grand Prix: Titled Tuesday Blitz"]
[Site "Chess.com"]
[Date "2020.08.25"]
[Round "4"]
[White "JoySpaceman"]
[Black "seorobert1971"]
[Result "0-1"]
[WhiteElo "2453"]
[BlackElo "2640"]
[TimeControl "180+1"]
[EndTime "10:41:13 PDT"]
[Termination "seorobert1971 won by resignation"]

1. d4 Nf6 2. Nc3 d5 3. Bf4 a6 4. e3 e6 5. g4 c5 6. g5 Nfd7 7.
Nf3 Nc6 8. Be2 Qb6 9. Rb1 Qa5 10. Qd2 b5 11. O-O cxd4 12. Nxd4 Nxd4 13. Qxd4 Qb4 14. Nxd5 Qxd4 15. Nc7+ Kd8 16. exd4 Ra7 17. Nxb5 axb5 18. Bxb5 Rxa2 19. Rfd1 Be7 20. d5 e5 21. Be3 Bd6 22. Bc4 Ra8 23. b4 f5 24. f3 Bb7 25. Bb5 e4 26. f4 h6 27. g6 Nf8 28. Kf2 Nxg6 29. Rg1 Nxf4 30. Rxg7 Kc8 31. Rd7 Be5 32. Rg1 Ra2 33. Rc1 Nxd5 34. Bc5 f4 35. Rxb7 Kxb7 36. Bc4 Nc3 37. Bxa2 Nxa2 38. Rd1 Nc3 39. Rd7+ Kc6 40. Re7 Kd5 41. Rd7+ Kc4 42. Re7 Bd4+ 43. Bxd4 Kxd4 44. Rd7+ Kc4 45. Rh7 Rxh7 0-1

[Event "*** SCC Grand Prix: Titled Tuesday Blitz"]
[Site "Chess.com"]
[Date "2020.08.25"]
[Round "4"]
[White "ENajer77"]
[Black "Barmen_EV"]
[Result "0-1"]
[WhiteElo "2595"]
[BlackElo "2453"]
[TimeControl "180+1"]
[EndTime "10:41:13 PDT"]
[Termination "Barmen_EV won on time"]

1. d4 d5 2. c4 e6 3. Nc3 Bb4 4. cxd5 exd5 5. Bf4 c5 6. e3 Nc6 7. a3 Bxc3+ 8. bxc3 Nge7 9. Bd3 Bf5 10. Ne2 O-O 11. O-O Bxd3 12. Qxd3 Ng6 13. dxc5 Nce5 14. Qb5 Qe7 15.
Rab1 Rac8 16. Qxb7 Rc7 17. Qxd5 Rxc5 18. Qb7 Rc7 19. Qa6 Rfc8 20. h3 h6 21. Rfd1 Rc6 22.
Qa4 Rc4 23. Rb4 R4c6 24. Bg3 a6 25. Rdb1 Qf6 26. Rb8 Kh7 27. Rxc8 Rxc8 28. Qe4 Rc4 29. Bxe5 Rxe4 30. Bxf6 gxf6 31. Nd4 Re5 32. Rb7 Kg7 33. Ra7 Ra5 34. Ne6+ Kg8 35. Ra8+ Kh7 36. Nc7 Rxa3 37. Rxa6 Rxc3 38. Nd5 Rc1+ 39. Kh2 f5 40. Rf6 Kg7 41. Rxf5 Rc5 42. e4 Rc4 43. f3 Rc2 44. Kg3 Ra2 45. h4 Nf8 46. Nf4 Ne6 0-1

[Event "*** SCC Grand Prix: Titled Tuesday Blitz"]
[Site "Chess.com"]
[Date "2020.08.25"]
[Round "4"]
[White "AungTZ"]
[Black "kasparicy"]
[Result "0-1"]
[WhiteElo "2134"]
[BlackElo "2339"]
[TimeControl "180+1"]
[EndTime "10:41:13 PDT"]
[Termination "kasparicy won on time"]

1. e4 c5 2. Nf3 d6 3. Bb5+ Nd7 4.
O-O Nf6 5. Re1 e6 6. c3 Be7 7. d4 cxd4 8. cxd4 O-O 9. Nc3 a6 10. Bd3 b5 11. a3 Bb7 12. Bf4 Rc8 13. Rc1 Nb6 14. Nd2 e5 15. Be3 Nfd7 16. d5 f5 17. f3 fxe4 18. Ndxe4 Nxd5 19. Nxd5 Bxd5 20. Rxc8 Qxc8 21. Bxb5 Bxe4 22. Bxd7 Qxd7 23. fxe4 Qc6 24. Qd3 Rb8 25. Rc1 Qb5 26. Qxb5 Rxb5 27. b4 a5 28. bxa5 Rxa5 29. Rc7 Rxa3 30. Bc1 Ra1 31. Kf2 Kf8 32. Ke2 Ra2+ 33. Kf3 Ke8 34. h3 h6 35. g3 Kd8 36.
Rb7 Rc2 37. Bb2 Rc7 38. Rb8+ Kd7 39. Kg4 Ke6 40. Rg8 Bf6 41. Ra8 Rb7 42. Ba3 g6 43. h4 h5+ 44. Kf3 Rb3+ 45. Kf2 g5 46. Ra6 gxh4 47.
Rxd6+ Kf7 0-1

[Event "*** SCC Grand Prix: Titled Tuesday Blitz"]
[Site "Chess.com"]
[Date "2020.08.25"]
[Round "4"]
[White "MomchilPetkov"]
[Black "AGW2016"]
[Result "0-1"]
[WhiteElo "2546"]
[BlackElo "2362"]
[TimeControl "180+1"]
[EndTime "10:41:14 PDT"]
[Termination "AGW2016 won on time"]

1. d4 Nf6 2. c4 g6 3. Nc3 Bg7 4.
e4 d6 5. h3 O-O 6. Be3 e5 7. d5 Nh5 8. g3 Qe8 9. Be2 a5 10. Bxh5 gxh5 11. Qxh5 f5 12. Qxe8 Rxe8 13. exf5 Bxf5 14. g4 Bd3 15. c5 Nd7 16. cxd6 cxd6 17. Kd2 Bg6 18. Nge2 Nf6 19. Ng3 b5 20. Nxb5 Nxd5 21.
Nxd6 Red8 22. Ngf5 Bf8 23. Nb7 Rd7 24. Nc5 Bxc5 25.
Bxc5 Rc8 26. Rac1 Nf4+ 27. Ke3 Nd3 28. Ne7+ Rxe7 29. Bxe7 Nxc1 30. Rd1 Nxa2 31. Ra1 Nb4 32. Rxa5 Nc6 33. Rc5 Nxe7 34. Rxe5 Kf7 35. Kf4 Rc4+ 36. Kg3 Rb4 37. f4 Kf6 38. Re2 Rb3+ 39. Kh4 Nd5 40. f5 Bf7 41. Rf2 h5 42. g5+ Ke5 43. g6 Bg8 44. Kg5 Rg3+ 45. Kh6 Nf4 46. Kg7 Bb3 47.
Rd2 Kxf5 48. Kf8 Rxg6 49. Rd4 Ne6+ 50. Kf7 Nxd4+ 0-1

[Event "*** SCC Grand Prix: Titled Tuesday Blitz"]
[Site "Chess.com"]
[Date "2020.08.25"]
[Round "4"]
[White "bazar-wokzal"]
[Black "ShimanovAlex"]
[Result "0-1"]
[WhiteElo "2483"]
[BlackElo "2770"]
[TimeControl "180+1"]
[EndTime "10:41:15 PDT"]
[Termination "ShimanovAlex won by checkmate"]

1. e4 c6 2. d4 d5 3. e5 Bf5 4. Nc3 e6 5. g4 Bg6 6. Nge2 Bb4 7. Bg2 Ne7 8. O-O h5 9. h3 hxg4 10. hxg4 Nd7 11. Ng3 Ng8 12. f4 Bxc3 13. bxc3 Qh4 14. Kf2 Nh6 15. Bf3 O-O-O 16. Rh1 Qe7 17. a4 Nb6 18.
Be2 f5 19. exf6 gxf6 20. f5 Qg7 21. Bxh6 Rxh6 22. Rxh6 Qxh6 23. fxg6 Qh2+ 24. Kf3 e5 25. Qg1 e4+ 26. Ke3 Qh6+ 27. Kf2 Qd2 28. Qe1 Qh6 29. Qh1 Qf4+ 30. Kg2 Qd2 31. g7 Nc4 32. Qh8 Qg5 33. Rh1 Ne3+ 34. Kh3 Kc7 35. Qh7 Kb8 36. Nf1 Nxc2 37.
Kg3 f5 38. Qh6 f4+ 39. Kf2 e3+ 40. Kf3 Ne1# 0-1

[Event "*** SCC Grand Prix: Titled Tuesday Blitz"]
[Site "Chess.com"]
[Date "2020.08.25"]
[Round "4"]
[White "elohunter1999"]
[Black "Marty435"]
[Result "0-1"]
[WhiteElo "2450"]
[BlackElo "2627"]
[TimeControl "180+1"]
[EndTime "10:41:15 PDT"]
[Termination "Marty435 won by checkmate"]

1. e4 c5 2. Nf3 d6 3. d4 cxd4 4.
Nxd4 Nf6 5. Nc3 Nc6 6. Bg5 e6 7.
Qd2 a6 8. O-O-O Bd7 9. f4 h6 10. Bh4 b5 11. Bxf6 gxf6 12. Kb1 Qb6 13. Nxc6 Bxc6 14.
f5 O-O-O 15. fxe6 fxe6 16. a3 h5 17. Bd3 Bh6 18. Qe1 Qe3 19. Ne2 Kb7 20. Rf1 Rhf8 21. Qc3 Qc5 22. Qb3 d5 23. Qc3 Qxc3 24. Nxc3 d4 25.
Ne2 Be3 26. Nf4 Rd6 27. Nxh5 f5 28. g4 f4 29. Rf3 e5 30. Ng7 Rh6 31. h3 Rfh8 32.
Rh1 R6h7 33. Nf5 Kc7 34. g5 Rh5 35. h4 Rg8 36. c3 Rgxg5 37. cxd4 Rxf5 38. d5 Bb7 39.
exf5 Bxd5 40. Be2 Rxf5 41. h5 e4 42. Rff1 f3 43. Bd1 Rf6 44. Rh3 Bh6 45. Kc2 Kd6 46.
Re1 Ke5 47. Rf1 Kd4 48. Rh4 Rc6+ 49. Kb1 Rc1# 0-1

[Event "*** SCC Grand Prix: Titled Tuesday Blitz"]
[Site "Chess.com"]
[Date "2020.08.25"]
[Round "4"]
[White "skiff134"]
[Black "VinzentSpitzl"]
[Result "1-0"]
[WhiteElo "2627"]
[BlackElo "2370"]
[TimeControl "180+1"]
[EndTime "10:41:15 PDT"]
[Termination "skiff134 won on time"]

1. d4 d5 2. c4 e6 3. Nc3 Bb4 4. cxd5 exd5 5. Nf3 Nf6 6. Bg5 h6 7. Bxf6 Qxf6 8. Qa4+ Nc6 9. Ne5 O-O 10. Nxc6 Bxc3+ 11.
bxc3 bxc6 12. e3 Bf5 13. Be2 Rfb8 14. O-O Qg6 15. Bf3 Rb2 16. Rfe1 Bd3 17. Qa3 Rb6 18. Rad1 a6 19. Qe7 Rb2 20. Qxc7 Rxa2 21. h4 Bb5 22. e4 Qf6 23. h5 dxe4 24. Rxe4 Qd8 25.
Qg3 Bc4 26. Rde1 Bd5 27. Rg4 Qf6 28. Bxd5 cxd5 29. Rf4 Qd6 30. Qf3 Rf8 31. Rf5 Ra5 32.
g3 Rb5 33. Ree5 a5 34. Rxd5 Rxd5 35. Rxd5 Qa6 36. Qf5 a4 37. Ra5 Qc4 38. Qc5 Qb3 39.
Qb4 Qd1+ 40. Kg2 Qd3 41. d5 1-0

[Event "*** SCC Grand Prix: Titled Tuesday Blitz"]
[Site "Chess.com"]
[Date "2020.08.25"]
[Round "4"]
[White "jamalm2"]
[Black "Fischerev7"]
[Result "1-0"]
[WhiteElo "1942"]
[BlackElo "2344"]
[TimeControl "180+1"]
[EndTime "10:41:15 PDT"]
[Termination "jamalm2 won on time"]

1. Nf3 Nf6 2. c4 e6 3. e3 d5 4. b3 Be7 5. Bb2 c6 6. Be2 Nbd7 7. O-O O-O 8. d4 Ne4 9. Nbd2 Ndf6 10. Ne5 Nxd2 11. Qxd2 Ne4 12. Qc2 f6 13. Nd3 a5 14. f3 Nd6 15. Rae1 a4 16. Nc5 axb3 17. axb3 Ra2 18. Bd3 h6 19. Ra1 Rxa1 20. Bxa1 b6 21. Na4 dxc4 22. bxc4 Nf7 23. e4 Ba6 24. Rb1 b5 25.
cxb5 cxb5 26. Nc5 Qc8 27. Bxb5 Bxb5 28. Rxb5 e5 29. Qb3 exd4 30. Bxd4 Kh8 31. Ne6 Qc1+ 32. Kf2 Rc8 33. Rb8 Rxb8 34. Qxb8+ Kh7 35. Qe8 Qd2+ 36.
Kf1 Qd1+ 37. Kf2 Qd2+ 38. Kf1 Qd1+ 39. Kf2 Qxd4+ 40. Nxd4 Bc5 41. Qxf7 Bxd4+ 42. Kg3 1-0

[Event "*** SCC Grand Prix: Titled Tuesday Blitz"]
[Site "Chess.com"]
[Date "2020.08.25"]
[Round "4"]
[White "Falia-p"]
[Black "szachuspl"]
[Result "0-1"]
[WhiteElo "2282"]
[BlackElo "2511"]
[TimeControl "180+1"]
[EndTime "10:41:16 PDT"]
[Termination "szachuspl won on time"]

1. e4 c5 2. Nf3 e6 3. d4 cxd4 4.
Nxd4 Nc6 5. Nc3 a6 6. Be3 Nf6 7. Qf3 Qc7 8. O-O-O b5 9. e5 Ng8 10. Nxc6 Qxc6 11. Qxc6 dxc6 12. Ne4 Bd7 13. Be2 O-O-O 14. Bb6 Re8 15. Rd2 Kb7 16. Rxd7+ Kxb6 17. Rxf7 Nh6 18. Rd7 Nf5 19. Rhd1 Bc5 20. Bg4 Rhf8 21. c3 a5 22. a3 a4 23. Kc2 Nh6 24. Bf3 Nf5 25. Nxc5 Kxc5 26. Rc7 Rc8 27. Rdd7 Kb6 28. Rxc8 Rxc8 29.
Be4 Rf8 30. g4 Nh4 31. Rd6 Rxf2+ 32. Kb1 Re2 33. Rxc6+ Kb7 34. Rc4+ Kb6 35. Rd4 h6 36. h3 g5 37. Ka2 Kc5 38. Bb7 Ng6 39. Rd7 Nxe5 40.
Rh7 Nc4 41. Rxh6 Rxb2+ 42. Ka1 Re2 43. Rg6 Nxa3 44. Rxg5+ Kc4 45. Bf3 Re3 46. Bd1 Kxc3 0-1

[Event "*** SCC Grand Prix: Titled Tuesday Blitz"]
[Site "Chess.com"]
[Date "2020.08.25"]
[Round "4"]
[White "Andreikka"]
[Black "Crazy_girl99"]
[Result "1-0"]
[WhiteElo "2836"]
[BlackElo "2510"]
[TimeControl "180+1"]
[EndTime "10:41:18 PDT"]
[Termination "Andreikka won on time"]

1. e4 e5 2. Nf3 Nc6 3. Bb5 a6 4.
Ba4 Nf6 5. O-O Be7 6. Re1 b5 7. Bb3 d6 8. c3 O-O 9. h3 Nb8 10. d4 Nbd7 11. Nbd2 Bb7 12. Bc2 Re8 13. Nf1 Bf8 14.
Ng3 g6 15. a4 Bg7 16. Bg5 h6 17. Bd2 Kh7 18. Bd3 c6 19. Qc2 Qc7 20. b4 Rad8 21. Bf1 d5 22. exd5 Nxd5 23. Nh5 Bh8 24. Bd3 exd4 25.
cxd4 N7f6 26. Ne5 Rg8 27. Ng3 h5 28. Bg5 Nxb4 29. Qb1 Nxd3 30. Qxd3 c5 31. axb5 Rxd4 32. Qb3 Bd5 33. Qb2 axb5 34. Qxb5 Rb8 35. Qf1 Ne4 36.
Nxe4 Bxe4 37. f4 f6 38. Rxe4 Rxe4 39. Qd3 Rxe5 40. fxe5 Qxe5 41. Ra7+ Bg7 42. Bh4 Re8 43. Qd7 f5 44. Bf2 Kh8 45. Rc7 Qa1+ 46. Kh2 Be5+ 47.
g3 Bxc7 48. Qxe8+ Kh7 49. Qd7+ Qg7 50. Qc6 Bd8 51. Bxc5 Bf6 52. h4 Kh6 53. Be3+ Kh7 54. Bf4 Be5 55. Bg5 Bd4 56. Kh3 Be5 57. Qe6 Bc7 58. Bf6 1-0

[Event "*** SCC Grand Prix: Titled Tuesday Blitz"]
[Site "Chess.com"]
[Date "2020.08.25"]
[Round "4"]
[White "KyrgyzFighter"]
[Black "phoenix_sjh"]
[Result "0-1"]
[WhiteElo "2311"]
[BlackElo "2529"]
[TimeControl "180+1"]
[EndTime "10:41:18 PDT"]
[Termination "phoenix_sjh won by resignation"]

1. c4 Nf6 2. Nc3 e6 3. e4 d5 4. e5 Ne4 5. Nf3 Nxc3 6. bxc3 c5 7. d4 cxd4 8. cxd4 dxc4 9. Bxc4 Be7 10. O-O O-O 11.
Rb1 b6 12. d5 Bc5 13. d6 Nd7 14. Bd3 g6 15. Be4 Rb8 16. Bg5 f6 17. exf6 Nxf6 18.
Ne5 Qxd6 19. Qxd6 Bxd6 20. Bxf6 Rxf6 21. Nc6 Rb7 22. Rbd1 e5 23. Nxe5 Rc7 24. Nf3 Ba6 25.
Rfe1 Kg7 26. Bd5 Bc5 27. h4 Rf5 28. Be6 Rf4 29. Rd8 Rf8 30. Rd7+ Rxd7 31. Bxd7 Rd8 32.
Ba4 Bc4 33. Ng5 Rd2 34. Ne4 Rxa2 35. Nxc5 bxc5 36. Bc6 Bf7 37. Re7 Kf6 38. Rxf7+ Kxf7 39. Bd5+ Kf6 40. Bxa2 Ke5 41. Kh2 Kd4 42. g4 a5 43. f4 c4 44. Kg3 a4 45. h5 c3 46. Bb1 a3 47. hxg6 hxg6 48. f5 gxf5 49. gxf5 Ke5 50. Kf3 c2 51. Bxc2 a2 0-1

[Event "*** SCC Grand Prix: Titled Tuesday Blitz"]
[Site "Chess.com"]
[Date "2020.08.25"]
[Round "4"]
[White "ChronicUnhappiness"]
[Black "creativity"]
[Result "0-1"]
[WhiteElo "2361"]
[BlackElo "2044"]
[TimeControl "180+1"]
[EndTime "10:41:19 PDT"]
[Termination "creativity won on time"]

1. d4 Nf6 2. c4 g6 3. Nc3 Bg7 4. e4 d6 5. Nf3 O-O 6. Be2 e5 7. O-O Nc6 8. Be3 exd4 9. Nxd4 Re8 10. Nxc6 bxc6 11. Qc2 a5 12. Rad1 Nd7 13. c5 Qe7 14. cxd6 cxd6 15. Bd4 Ba6 16. Bxa6 Rxa6 17. Bxg7 Kxg7 18.
Qd3 Nc5 19. Qxd6 Qxd6 20. Rxd6 Nxe4 21. Nxe4 Rxe4 22. Rd2 Rb6 23. g3 h5 24. Rc1 Reb4 25.
b3 a4 26. bxa4 Rxa4 27. h4 Rba6 28. Rcc2 Ra3 29. Kg2 c5 30. Kf1 c4 31. Kg2 c3 32.
Re2 Kf6 33. Kf3 Rd6 34. Ke3 Kf5 35. Kf3 Rd3+ 36. Kg2 f6 37. Kf1 g5 38. Ke1 gxh4 39. gxh4 Rh3 40. Kf1 Rxh4 41. Re3 Rc4 42. Ke2 h4 43.
Kf3 Kg5 44. Kg2 f5 45. Kh3 Rca4 46. Rexc3 Rxc3+ 47. Rxc3 Rxa2 48. f3 Kf4 0-1

[Event "*** SCC Grand Prix: Titled Tuesday Blitz"]
[Site "Chess.com"]
[Date "2020.08.25"]
[Round "4"]
[White "Savva09022009"]
[Black "Chessdreamer2020"]
[Result "1-0"]
[WhiteElo "2327"]
[BlackElo "2483"]
[TimeControl "180+1"]
[EndTime "10:41:20 PDT"]
[Termination "Savva09022009 won by checkmate"]

1. e4 d6 2. d4 Nf6 3. Nc3 e5 4.
dxe5 dxe5 5. Qxd8+ Kxd8 6. f3 Be6 7. Be3 Nbd7 8. O-O-O c6 9. Nge2 Kc7 10. g3 Bc5 11.
Bxc5 Nxc5 12. Bg2 Nfd7 13. f4 f6 14. a3 b5 15. Rd2 a5 16. Nb1 b4 17. Rhd1 bxa3 18.
Nxa3 Rhb8 19. Nc3 Rb4 20. Rd6 Bg4 21. R1d2 Rab8 22. b3 a4 23. bxa4 Nxa4 24. Nab1 Nxc3 25. Nxc3 Nc5 26. h3 Bh5 27. fxe5 fxe5 28. g4 Bg6 29. Kd1 Nxe4 30. Nxe4 Bxe4 31. Rd7+ Kb6 32. Bxe4 Rxe4 33.
Rxg7 h5 34. g5 Rh4 35. Rd3 Rxh3 36. Rxh3 Rd8+ 37. Ke2 e4 38. g6 Rd6 39. Rxh5 Rf6 40. Rg5 e3 41. Kxe3 Re6+ 42. Kf4 Rf6+ 43. Rf5 Rd6 44. Kg5 Rd2 45. Rf4 Rxc2 46. Rgf7 Rg2+ 47. Kf5 Rd2 48. g7 Rd5+ 49. Kf6 Rd8 50. Rf8 Rd6+ 51. Kf5 Rd5+ 52. Kg4 Rd1 53. g8=Q Rg1+ 54. Kf5 Rxg8 55. Rxg8 Kc5 56. Rc8 Kd6 57. Ke4 Kd7 58. Rff8 Kd6 59. Kd4 Ke6 60. Rfd8 Ke7 61. Kc5 Ke6 62. Kxc6 Ke5 63.
Re8+ Kd4 64. Rcd8+ Kc4 65. Re4+ Kc3 66. Rh8 Kd3 67. Ra4 Kc3 68. Rh3+ Kb2 69. Rg4 Kc2 70. Rg2+ Kd1 71. Rh1# 1-0

[Event "*** SCC Grand Prix: Titled Tuesday Blitz"]
[Site "Chess.com"]
[Date "2020.08.25"]
[Round "4"]
[White "Man-Chuk"]
[Black "attack2mateU"]
[Result "0-1"]
[WhiteElo "2813"]
[BlackElo "2707"]
[TimeControl "180+1"]
[EndTime "10:41:21 PDT"]
[Termination "attack2mateU won by checkmate"]

1. c4 g6 2. Nc3 c5 3. g3 Bg7 4. Bg2 Nc6 5. d3 d6 6. h4 Nf6 7. Qd2 Bd7 8. b3 Rb8 9. Bb2 a6 10. Nd5 e6 11. Nxf6+ Bxf6 12. h5 g5 13. h6 b5 14. Nf3 g4 15. Nh2 bxc4 16. Nxg4 Bxb2 17.
Qxb2 Qa5+ 18. Kf1 c3 19. Qc1 Kd8 20. Nf6 Kc7 21. Nxd7 Kxd7 22. Bxc6+ Kxc6 23. Rh4 Rhg8 24. Ra4 Qb6 25. Qxc3 Rg6 26. Qc4 Kd7 27. Rxa6 Qb7 28. Qa4+ Kd8 29. e4 Rxh6 30. Kg2 Qb5 31. Rxd6+ Ke7 32. Qxb5 Rxb5 33. Ra6 Rb4 34. Rc1 Rd4 35. Rxc5 Rxd3 36. Rc7+ Kf8 37. Raa7 Rf6 38. f4 h5 39.
Kf2 h4 40. gxh4 Rxf4+ 41. Ke2 Rh3 42. e5 Rhxh4 43. Ke3 Rf5 44. Rc5 Rh3+ 45. Kd4 Rf4# 0-1

[Event "*** SCC Grand Prix: Titled Tuesday Blitz"]
[Site "Chess.com"]
[Date "2020.08.25"]
[Round "4"]
[White "zmeeed67"]
[Black "The_Machine04"]
[Result "1-0"]
[WhiteElo "2454"]
[BlackElo "2284"]
[TimeControl "180+1"]
[EndTime "10:41:21 PDT"]
[Termination "zmeeed67 won on time"]

1. e4 d6 2. d4 Nf6 3. Nc3 e5 4. Nf3 Nbd7 5. g4 d5 6. dxe5 Nxe4 7. Nxd5 Nb6 8. Ne3 Qxd1+ 9. Nxd1 Bxg4 10. Be2 O-O-O 11.
Be3 Be6 12. Nd4 Bc4 13. f3 Nc5 14. b3 Bxe2 15. Kxe2 Nd5 16. Bf2 Nf4+ 17. Kf1 Nce6 18. Nxe6 Nxe6 19. c3 g6 20. Be3 Bc5 21. Ke2 Bxe3 22.
Kxe3 Rd5 23. f4 Rhd8 24. Nf2 h5 25. Rad1 c6 26. Rxd5 Rxd5 27. Rd1 Rxd1 28. Nxd1 Kd7 29. Nf2 Nc5 30. Nh3 Ke7 31. Ng5 Ne6 32. Ne4 b6 33. h3 Ng7 34. Nd6 Ke6 35. Nc8 Nf5+ 36. Kf3 b5 37. Nxa7 Ne7 38. c4 b4 39. Ke4 Kd7 40.
Kd4 Kc7 41. Kc5 Kb7 42. Nxc6 1-0

[Event "*** SCC Grand Prix: Titled Tuesday Blitz"]
[Site "Chess.com"]
[Date "2020.08.25"]
[Round "4"]
[White "tan275"]
[Black "SerGo055"]
[Result "1-0"]
[WhiteElo "2203"]
[BlackElo "2471"]
[TimeControl "180+1"]
[EndTime "10:41:22 PDT"]
[Termination "tan275 won on time"]

1. d4 Nf6 2. c4 e6 3. g3 Bb4+ 4.
Bd2 Be7 5. Nf3 d5 6. Bg2 O-O 7. O-O c6 8. Qc2 b6 9. Rd1 Ba6 10. b3 Nbd7 11. a4 Rc8 12. Bc1 c5 13. Ba3 cxd4 14. Nxd4 Bxa3 15. Nxa3 Qe7 16. Nab5 Ne5 17. f4 Neg4 18. Qd3 dxc4 19. bxc4 Qc5 20. h3 Nh6 21. Kh2 Qxc4 22. Qxc4 Rxc4 23. Nxa7 Nf5 24. Nxf5 exf5 25. Nc6 g6 26. Ra2 Ne4 27. Ne5 Rb4 28. Nd7 Nc3 29. Nxf8 Nxd1 30. Nd7 Nc3 31. Rd2 Nxa4 32. Ne5 Nc5 33. Bd5 Ne4 34. Bxf7+ Kg7 35. Rc2 Rd4 36.
Rc7 Kf6 37. Bb3 Nd6 38. Rc6 Ke7 39. Rc7+ Kd8 40. Rd7+ Kc8 41. Be6 Kb8 42. Nc6+ Ka8 43. Nxd4 Nb5 44. Bd5+ 1-0